 Dungeon Crawl Stone Soup version 0.26-a0-497-g0187308201 (webtiles) character file.

Game seed: 7634883638012271278

39 BritishOli the Skirmisher (level 3, 0/29 HPs)
             Began as a Demonspawn Fighter on Aug 5, 2020.
             Slain by a gnoll
             ... wielding a +0 halberd
              (12 damage)
             ... on level 2 of the Dungeon.
             The game lasted 00:00:49 (1038 turns).

BritishOli the Skirmisher (Demonspawn Fighter)      Turns: 1038, Time: 00:00:49

Health: 0/29       AC:  6    Str: 17    XL:     3   Next: 28%
Magic:  3/3        EV:  6    Int:  9    God:
Gold:   101        SH:  8    Dex: 12    Spells: 2/2 levels left

rFire    . . .     SeeInvis .   a - +0 long sword
rCold    . . .     Faith    .   c - +0 kite shield
rNeg     . . .     Spirit   .   b - +0 scale mail
rPois    .         Reflect  .   (no helmet)
rElec    .         Harm     .   (no cloak)
rCorr    .                      (no gloves)
MR       .....                  (no boots)
Stlth    ..........             (no amulet)
HPRegen  0.09/turn              (no ring)
MPRegen  0.08/turn              (no ring)

@: lightly drained
A: powered by pain 1
a: no special abilities


You were on level 2 of the Dungeon.
You visited 1 branch of the dungeon, and saw 2 of its levels.

You collected 101 gold pieces.

Inventory:

Hand Weapons
 a - a +0 long sword (weapon)
Armour
 b - a +0 scale mail (worn)
 c - a +0 kite shield (worn)
Scrolls
 e - a scroll of magic mapping {unknown}
 f - a scroll of amnesia {unknown}
 g - 2 scrolls of enchant weapon {unknown}
 j - 2 scrolls of identify {unknown}
 k - a scroll of noise {unknown}
 m - a scroll of remove curse {unknown}
 n - a scroll of teleportation {unknown}
 o - a scroll of fear {unknown}
Potions
 d - a potion of might
 h - 2 potions of curing {unknown}
 i - a potion of heal wounds {unknown}
 l - a potion of cancellation {unknown}


   Skills:
 + Level 3.3(3.1) Fighting
 + Level 2.2(2.0) Long Blades
 + Level 3.0(2.8) Armour
 + Level 3.1(2.9) Shields


You had 2 spell levels left.
You didn't know any spells.
Your spell library was empty.

Dungeon Overview and Level Annotations

Branches:
Dungeon (2/15)

Altars:
Vehumet


Innate Abilities, Weirdness & Mutations

You sometimes gain a little power by taking damage.


Message History

No target in view!
No target in view!
There is an open door here.
A gnoll comes into view. It is wielding a +0 halberd.
The gnoll shouts!
A gnoll comes into view. It is wielding a +0 halberd.
Found a short sword.
A gnoll comes into view.
The gnoll shouts! x2
You hit the gnoll but do no damage. The gnoll hits you but does no damage.
The gnoll hits you with a +0 halberd. The gnoll hits you.
The gnoll hits you from afar with a +0 halberd.
There are monsters nearby!
You hit the gnoll.
The gnoll is lightly wounded.
The gnoll hits you but does no damage. The gnoll hits you with a +0 halberd.
You block the gnoll's attack.
You are too injured to fight recklessly!
The gnoll hits you from afar with a +0 halberd!
You die...

##.##..........# #.#..#
.##.#........# #....#
.##.#........# ###.##
#........# #.#
#..).....# #.#
#....g...# #.#
.##........# #.#
......gg######### #.#
.##.....@.......######.#
#.###########.#......# #
## #.#.###### .....
#.#.# ..... #.#.#######
...).#### #.#.#.....#
........# #.#.#....##
........# #.#.#....#
........###.#.#....#


You could see 3 gnolls.

Vanquished Creatures
  An adder (D:2)
  A gnoll (D:2)
  A dart slug (D:2)
  5 bats
  A giant cockroach (D:1)
  A hobgoblin (D:1)
  A quokka (D:2)
  2 frilled lizards
  3 goblins
  5 kobolds
  2 rats (D:1)
23 creatures vanquished.

Notes
Turn   | Place    | Note
-------+----------+-------------------------------------------
     0 | D:1      | BritishOli the Demonspawn Fighter began the quest for the
                  | Orb.
     0 | D:1      | Reached XP level 1. HP: 18/18 MP: 1/1
   348 | D:1      | Gained mutation: You sometimes gain a little power by
                  | taking damage. [demonic ancestry]
   348 | D:1      | Reached XP level 2. HP: 24/24 MP: 2/2
   748 | D:2      | Reached XP level 3. HP: 21/29 MP: 3/3
   869 | D:2      | Found a radiant altar of Vehumet.
  1038 | D:2      | Slain by a gnoll

Illustrated notes

Levels and vault maps discovered:
D:1:      minmay_arrival_diagonal_passages, layout_loops_ring
D:2:      layout_basic, vehumet_crystals

Skill      XL: |  1  2 |
---------------+-------+-----
Long Blades    | 2 |  2.2
Armour         | 3 |  3.0
Shields        | 3 |  3.1
Fighting       | |  3.3

Action                   || total
-------------------------++-------
Melee: Long sword        ||    68
Armor: Scale mail        ||    49
Dodge: Dodged            ||    21
Block: Kite shield       ||    42
       Rpst.: Long sword ||     7

Table legend: (Time is in decaauts)
 A = Elapsed time spent in this place.
 B = Non-inter-level travel time spent in this place.
 C = Inter-level travel time spent in this place.
 D = Time resting spent in this place.
 E = Time spent auto-exploring this place.
 F = Levels seen in this place.
 G = Mean time per level.
                   A        B        C        D        E       F      G
               +--------+--------+--------+--------+--------+-----+--------+
         Total |   1064 |   1024 |     40 |    103 |    737 |   2 |  532.0 |
       Dungeon |   1064 |   1024 |     40 |    103 |    737 |   2 |  532.0 |
               +--------+--------+--------+--------+--------+-----+--------+

Top non-repeatable levels by time:
     D:1: 654 daAuts
     D:2: 410 daAuts
